 Dungeon Crawl Stone Soup version bcrawl-1.27.6 (webtiles) character file.

Game seed: 447800627716942420

200197 Faustar the Destroyer (level 6, 0/32 HPs)
             Began as an Avariel Conjurer on Oct 2, 2020.
             Was a Follower of Vehumet.
             Killed from afar by Dowan (12 damage)
             ... with a puff of frost
             ... on level 4 of the Dungeon.
             The game lasted 00:06:20 (2729 turns).

Faustar the Destroyer (Avariel Conjurer)            Turns: 2729, Time: 00:06:21

Health: 0/32       AC:  2    Str:  6    XL:     6   Next: 59%
Magic:  17/17      EV: 12    Int: 23    God:    Vehumet [*.....]
Gold:   257        SH:  0    Dex: 13    Spells: 10/17 levels left

rFire    . . .     SeeInvis .   k - +1 spear (flame)
rCold    . . .     Gourm    .   (no shield)
rNeg     . . .     Faith    .   a - +0 robe
rPois    .         Spirit   .   (no helmet)
rElec    .         Reflect  .   (no cloak)
rCorr    .         Harm     .   (no gloves)
MR       .....                  (no boots)
Stlth    ++........             (no amulet)
HPRegen  0.10/turn              d - +2 ring of slaying
MPRegen  0.15/turn              (no ring)

@: no status effects
A: no striking features
a: Renounce Religion


You were on level 4 of the Dungeon.
You worshipped Vehumet.
Vehumet was aware of your devotion.
You were not hungry.

You visited 1 branch of the dungeon, and saw 4 of its levels.

You collected 257 gold pieces.

Inventory:

Hand Weapons
 k - a +1 spear of flaming (weapon)
Armour
 a - a +0 robe (worn)
 j - a +1 hat
 n - a +1 cloak
Jewellery
 d - a +2 ring of slaying (left hand)
 o - a cursed -2 ring of dexterity {unknown}
Wands
 q - a wand of random effects (8)
Scrolls
 f - 2 scrolls of amnesia {unknown}
 g - a scroll of enchant armour {unknown}
 i - a scroll of remove curse {unknown}
 l - 2 scrolls of enchant weapon {unknown}
 r - 3 scrolls of identify
 t - a scroll of teleportation {unknown}
Potions
 b - a potion of agility {unknown}
 c - a potion of magic
 h - 2 potions of flight {unknown}
 m - 3 potions of curing {unknown}
 p - a potion of degeneration {unknown}
 s - a potion of invisibility {unknown}
Comestibles
 e - 8 rations {!d}


   Skills:
 - Level 2.1 Dodging
 - Level 2.1 Stealth
 * Level 6.1 Spellcasting
 * Level 8.0 Conjurations


You had 10 spell levels left.
You knew the following spells:

 Your Spells              Type           Power        Failure   Level  Hunger
a - Magic Dart            Conj           ####         1%          1    None
b - Searing Ray           Conj           #####...     1%          2    None
c - Fulminant Prism       Conj/Hex       ####......   4%          4    ####...

Your spell library contained the following spells:

 Spells                   Type           Power        Failure   Level  Hunger
 Shock                    Conj/Air       ####.        1%          1    None
 Iskenderun's Mystic Bla  Conj           #####...     1%          3    ##.....
 Irradiate                Conj/Tmut      ####......   12%         5    #####..


Dungeon Overview and Level Annotations

Branches:
Dungeon (4/12)
 Temple: D:4-7

Altars:
Okawaru
Trog
Vehumet

Annotations:
D:4 Dowan, Duvessa


Message History

Things that are here:
a +0 club; an orc corpse
Things that are here:
a cursed -2 dagger; an orc skeleton
r - 3 scrolls of identify (gained 1) Duvessa is too close now for your liking.
Duvessa is nearby!
Duvessa is nearby!
Duvessa is nearby!
Duvessa is nearby!
Duvessa is nearby!
Okay, then.
Unknown command.
Duvessa shouts!
Dowan zaps a wand.
You are blasted!
Ouch! That really hurt!
Found a stone staircase leading down.
Dowan casts a spell at you. The puff of frost hits you!
You die...

#......#.........>.....PPP.PPPPP
########......#.....^..P....(..P
#.....e#........PPPPPPP.P
#......#........P...P....
#......e........P.P.P.PPP
#.......##......P.P.P.P..
##......##......PPP.PPP.P
#........#.......P........
#.#.#....@.......PPP.P.PPP
#..#.#....#####...... P. P ##
..#?...# .##P.P P ......>.. .#


P.P .. ..#....# PPP ####....# #..>.# #.... You could see Duvessa and Dowan.

Vanquished Creatures
  An ogre (D:4)
  A scorpion (D:4)
  An orc priest (D:4)
  A hound (D:4)
  5 gnolls
  An adder (D:2)
  An ooze (D:1)
  An adder skeleton (D:4)
  2 worms (D:3)
  6 leopard geckos
  7 orcs
  5 bats
  2 giant cockroaches
  5 goblins
  12 hobgoblins
  6 jackals
  7 kobolds
  A quokka (D:1)
  3 frilled lizards
  3 rats
71 creatures vanquished.

Vanquished Creatures (others)
  A fulminant prism (D:4)
1 creature vanquished.

Grand Total: 72 creatures vanquished

Notes
Turn   | Place    | Note
-------+----------+-------------------------------------------
     0 | D:1      | Faustar the Avariel Conjurer began the quest for the Orb.
     0 | D:1      | Reached XP level 1. HP: 10/10 MP: 6/6
   185 | D:1      | Reached XP level 2. HP: 15/15 MP: 5/8
   189 | D:1      | Learned a level 2 spell: Searing Ray
   432 | D:1      | Reached XP level 3. HP: 19/19 MP: 8/10
   500 | D:1      | Reached skill level 6 in Conjurations
   722 | D:2      | Found a radiant altar of Vehumet.
   789 | D:2      | Became a worshipper of Vehumet
   967 | D:2      | Reached XP level 4. HP: 24/24 MP: 7/12
  1209 | D:2      | Reached * piety under Vehumet
  1209 | D:2      | Offered knowledge of Shock by Vehumet.
  1217 | D:2      | Found a faded altar of an unknown god.
  1286 | D:2      | Learned a level 4 spell: Fulminant Prism
  1321 | D:3      | Found a bloodstained altar of Trog.
  1877 | D:3      | Reached XP level 5. HP: 28/28 MP: 11/14
  2066 | D:3      | Reached skill level 7 in Conjurations
  2111 | D:3      | Found an iron altar of Okawaru.
  2273 | D:4      | Reached skill level 5 in Spellcasting
  2386 | D:4      | Noticed Duvessa
  2475 | D:4      | Reached XP level 6. HP: 32/32 MP: 9/16
  2582 | D:4      | Noticed Dowan
  2658 | D:4      | Reached skill level 8 in Conjurations
  2729 | D:4      | Killed from afar by Dowan

Skill      XL: |  1  2  3  4  5  6 |
---------------+-------------------+-----
Spellcasting   | 3 4 5 6 |  6.1
Conjurations   | 6 7 8 |  8.0
Dodging        | |  2.1
Stealth        | |  2.1

Action                   |  1- 3 |  4- 6 || total
-------------------------+-------+-------++-------
Melee: Unarmed           |     1 |       ||     1
       Spear             |       |     2 ||     2
 Cast: Magic Dart        |    62 |    72 ||   134
       Searing Ray       |     1 |     6 ||     7
       Fulminant Prism   |       |     1 ||     1
 Stab: Sleeping          |     1 |       ||     1
  Eat: Chunk             |     1 |     7 ||     8
Armor: Robe              |       |     1 ||     1
Dodge: Dodged            |     3 |     9 ||    12
